cohdb
Replays
Latest Replays
All Replays
Popular Replays
Top Player Replays
Match Explorer
How It Works
Community
CoH3 Stats
Reddit
Sign in to upload your games and track your stats! →
Sign in with Steam
Match 26740112
Unlisted
Match 26740112
Overview
Messages
Build Orders
End
Construct Barracks
Selects Armored Battlegroup
Selects Veteran Crews
1⁄4-ton 4x4 Truck
Riflemen Squad
Riflemen Squad
Infantry Support Center
Riflemen Squad
Construct Medical Station
Construct Motor Pool
Selects Field Repairs
M8 Greyhound Armored Car
Engineer Squad
Selects War Machine
M8 Greyhound Armored Car
M1918 Browning Automatic Rifles
Grenade Package
Selects Fast Deploy
M24 Chaffee Light Tank
Riflemen Squad
Munitions Surplus
M24 Chaffee Light Tank
Advanced Logistics
Riflemen Squad
Selects Seek and Destroy
ConcernedApe
lifelock64
BonkVonFuzzle
NoX
0
0
Comments
sign in to comment!
No comments posted yet!